 Dungeon Crawl Stone Soup version 0.28-a0-1087-gf3fc490d9d (webtiles) character file.

Game seed: 2358495850425061651

0 spiderkeys the Ducker (level 1, -4/10 HPs)
             Began as a Felid Abyssal Knight on Dec 10, 2021.
             Was a Follower of Lugonu.
             Slain by a fire bat (5 damage)
             ... on level 2 of the Abyss.
             The game lasted 00:01:05 (167 turns).

spiderkeys the Ducker (Felid Abyssal Knight)         Turns: 167, Time: 00:01:05

Health: -4/10      AC:  1    Str:  7    XL:     1   Next: 0%
Magic:  3/3        EV: 18    Int: 11    God:    Lugonu [*.....]
Gold:   62         SH:  0    Dex: 16    Spells: 0/0 levels left
                                        Lives:  0   Deaths: 0

rFire   . . .      SeeInvis +     - Unarmed
rCold   . . .      Faith    .   (shield unavailable)
rNeg    . . .      Spirit   .   (armour unavailable)
rPois   .          Reflect  .   (helmet unavailable)
rElec   .          Harm     .   (cloak unavailable)
rCorr   .          Rampage  .   (gloves unavailable)
Will    .....                   (boots unavailable)
Stlth   +.........              (no amulet)
HPRegen 0.03/turn               (no ring)
MPRegen 0.08/turn               (no ring)

@: very slightly contaminated, quick
A: very small, claws 1, fangs 3, see invisible, speed 1, shaggy fur 1, stealthy
paws, no weapons or thrown items, no armour, multi-lived, weak 1
a: Renounce Religion, Depart the Abyss


You were on level 2 of the Abyss.
You worshipped Lugonu.
Lugonu was aware of your devotion.
You visited 0 branches of the dungeon, and saw 0 of its levels.
You visited the Abyss 1 time.

You collected 62 gold pieces.


Innate Abilities, Weirdness & Mutations

You have sharp claws.
You have razor-sharp teeth.
You have supernaturally acute eyesight. (SInv)
You cover ground quickly. (Speed+)
You are covered in fur. (AC +1)
Your paws help you pounce on unaware monsters.
You are incapable of wielding weapons or throwing items.
You cannot wear armour.
You gain extra lives every three experience levels.
You are weak. (Str -2)


   Skills:
 + Level 3.0 Fighting
 + Level 3.2 Dodging
 + Level 2.0 Unarmed Combat
 + Level 1.7 Invocations


You couldn't memorise any spells.
You didn't know any spells.
Your spell library contained the following spells:

 Spells                   Type           Power      Damage    Failure   Level
 Conjure Flame            Conj/Fire      0%         6-21      71%         3
 Ignite Poison            Fire/Tmut/Pois 0%         N/A       71%         3
 Sticky Flame             Conj/Fire      0%         2d3       98%         4

You aren't carrying anything.

Dungeon Overview and Level Annotations

Branches:
Dungeon (0/15)

Altars:

#...... ##..##...#
.
#..#...##.#.....#.#
#....#)#....###.##
#......###..# #..
##.#...## ### ...
#....x##.#.. .
#.#........#
#.b.##.#.##.#
#.@#..#..#
#..#..#.#.... .≈≈#
####.....## ..≈
#..#.. ≈♣ ##.## .


You could see a small abomination and a fire bat.


Message History

🤖 Initializing magus.rc ... ✅ Successfully initialized magus.rc [v1.9.10] Welcome, spiderkeys the Felid Abyssal Knight.
The incredible Orb of Zot lies far below, as if waiting for you to find it.
Lugonu says: Depart the Abyss and spread corruption, my servant! (use the ability menu to exit the Abyss) Press ? for a list of commands and other information.
Found a corrupted altar of Lugonu.
Found a gateway leading out of the Abyss.
Found a corrupted altar of Lugonu.
Unknown command.
Found a gateway leading out of the Abyss.
Tentacles burst out of the water! 4 tentacles come into view.
A tentacle segment bursts forth from the water. x2
Unknown command.
There is a corrupted altar of Lugonu here.
a - a scroll labelled PIZIKACLAS Really walk into that cloud of mutagenic fog?
You are engulfed in mutagenic fog.
The mutagenic energy flows into you.
You are very lightly contaminated with residual magic.
You are engulfed in mutagenic fog.
The mutagenic energy flows into you.
You are lightly contaminated with residual magic.
You are engulfed in mutagenic fog.
The mutagenic energy flows into you.
You are engulfed in mutagenic fog.
The mutagenic energy flows into you.
You are contaminated with residual magic.
You see here an Everburning Encyclopedia.
You pick up an Everburning Encyclopedia and begin reading...
You add the spells Conjure Flame, Ignite Poison and Sticky Flame to your library.
You are engulfed in mutagenic fog.
The mutagenic energy flows into you.
Your body shudders with the violent release of wild energies!
You feel weaker.
You see here a +2 dagger of holy wrath.
You are engulfed in mutagenic fog.
The mutagenic energy flows into you. Why would you want to do that?
A small abomination comes into view.
A rakshasa comes into view. It is wielding a +0 whip.
Found a gateway leading deeper into the Abyss.
The rakshasa blinks!
You enter the shallow water.
Moving in this stuff is going to be slow.
A neqoxec and a large abomination come into view.
The neqoxec shouts!
The small abomination barely misses you.
The large abomination completely misses you.
There is a gateway leading deeper into the Abyss here.
The small abomination misses you.
You plunge deeper into the Abyss.
You feel less contaminated with magical energies.
You now have 40 gold pieces.
You now have 62 gold pieces (gained 22).
b - a scroll labelled ECUCLEIXAM
As you read the scroll labelled PIZIKACLAS, it crumbles to dust.
It is a scroll of enchant weapon.
You aren't carrying any weapons that can be enchanted.
As you read the scroll labelled ECUCLEIXAM, it crumbles to dust.
You assume a fearsome visage.
The small abomination is unaffected.
It was a scroll of fear.
A fire bat comes into view.
The fire bat bites you.
You are engulfed in flames.
Ouch! That really hurt!
* * * LOW HITPOINT WARNING * * *
😱 HP[-9]
You take 9 damage, and now have 1/10 hp.
MASSIVE DAMAGE!! (PAUSE)
The fire bat completely misses you. The fire bat barely misses you.
The fire bat bites you.
Ouch! That really hurt!
You die...

Action                   || total
-------------------------++-------
  Use: Scroll            ||     2
Dodge: Dodged            ||     5

Levels and vault maps discovered:
Abyss:2:  base: Temple, bh_silent_lugonu_exit

Notes
Turn   | Place    | Note
-------+----------+-------------------------------------------
     0 | Abyss:1  | spiderkeys the Felid Abyssal Knight began the quest for the
                  | Orb.
     0 | Abyss:1  | Reached XP level 1. HP: 10/10 MP: 3/3
     0 | Abyss:1  | magus.rc [v1.9.10]
     1 | Abyss:1  | Found a corrupted altar of Lugonu.
     4 | Abyss:1  | Noticed a kraken
    65 | Abyss:1  | You add the spells Conjure Flame, Ignite Poison and Sticky
                  | Flame to your library.
    66 | Abyss:1  | Gained mutation: You are weak. (Str -2) [mutagenic glow]
    95 | Abyss:1  | Noticed a small abomination
    96 | Abyss:1  | Noticed a rakshasa
   104 | Abyss:1  | Noticed a neqoxec
   104 | Abyss:1  | Noticed a large abomination
   152 | Abyss:2  | Noticed a small abomination
   162 | Abyss:2  | Noticed a fire bat
   162 | Abyss:2  | HP: 1/10 [fire bat (6)]
   167 | Abyss:2  | Slain by a fire bat

Vanquished Creatures (others)
  4 tentacles (Abyss:1)
4 creatures vanquished.

Table legend:
 A = Non-vault XP
 B = Vault XP
 C = Vault XP percentage of total XP
 D = Non-vault monster count
 E = Vault monster count
 F = Vault count percentage of total count
                 A         B        C        D         E       F
            +---------+---------+-------+---------+---------+-------
      Total |       0 |       0 |   N/A |       0 |       0 |  -nan
            +---------+---------+-------+---------+---------+-------
            +---------+---------+-------+---------+---------+-------

Illustrated notes

Table legend: (Time is in decaauts)
 A = Elapsed time spent in this place.
 B = Non-inter-level travel time spent in this place.
 C = Inter-level travel time spent in this place.
 D = Time resting spent in this place.
 E = Time spent auto-exploring this place.
 F = Levels seen in this place.
 G = Mean time per level.
                   A        B        C        D        E       F      G
               +--------+--------+--------+--------+--------+-----+--------+
         Total |    138 |    138 |      0 |      0 |      1 |   2 |   69.0 |
         Abyss |    138 |    138 |      0 |      0 |      1 |   2 |   69.0 |
               +--------+--------+--------+--------+--------+-----+--------+

Top non-repeatable levels by time:
 Abyss:1: 90 daAuts
 Abyss:2: 48 daAuts
